 Dungeon Crawl Stone Soup version 0.27.1-4-g1640c2035a (webtiles) character file.

Game seed: 5014926707472042861

12469 tizbic2 the Thaumaturge (level 11, -7/83 HPs)
             Began as a Gnoll Hedge Wizard on Nov 16, 2021.
             Was an Elder of Sif Muna.
             Mangled by a black mamba (14 damage)
             ... on level 1 of the Lair of Beasts on Nov 17, 2021.
             The game lasted 01:57:15 (13869 turns).

tizbic2 the Thaumaturge (Gnoll Hedge Wizard)       Turns: 13869, Time: 01:57:16

Health: -7/83      AC: 21    Str: 13    XL:     11   Next: 93%
Magic:  2/24       EV: 13    Int: 22    God:    Sif Muna [****..]
Gold:   632        SH:  6    Dex: 12    Spells: 8/29 levels left

rFire    . . .     SeeInvis .   w - +3 falchion (venom)
rCold    . . .     Faith    +   s - +0 buckler
rNeg     . . .     Spirit   .   A - +5 ring mail {rPois}
rPois    +         Reflect  .   B - +0 helmet
rElec    .         Harm     .   g - scarf {repulsion}
rCorr    .         Rampage  .   S - +2 pair of gloves {Str+3}
Will     .....                  L - +0 pair of boots
Stlth    +++.......             G - amulet of faith
HPRegen  0.23/turn              Q - +6 ring of intelligence
MPRegen  0.19/turn              p - +4 ring of protection

@: mighty, wereblooded, flying, studying Shields, repel missiles
A: fangs 1, strong nose, distributed training
a: Renounce Religion, Channel Magic, Forget Spell, Divine Exegesis


You were on level 1 of the Lair of Beasts.
You worshipped Sif Muna.
Sif Muna was greatly pleased with you.
You visited 3 branches of the dungeon, and saw 12 of its levels.

You collected 632 gold pieces.

Inventory:

Hand Weapons
 a - a +2 vorpal hunting sling
 e - a +4 short sword of speed
 q - a +2 vampiric spear
 r - a +0 flail of protection
 w - a +3 falchion of venom (weapon)
Missiles
 i - 61 poisoned darts (quivered)
 m - 2 javelins
 u - 217 stones
 K - 12 sling bullets
 M - a throwing net
 O - 4 boomerangs
 W - 7 datura-tipped darts
Armour
 g - a scarf of repulsion (worn)
 h - a +3 leather armour
 s - a +0 buckler (worn)
 A - a +5 ring mail of poison resistance (worn)
 B - a +0 helmet (worn)
 I - a +0 kite shield
 L - a +0 pair of boots (worn)
 S - a +2 pair of gloves of strength (worn)
Jewellery
 k - a ring of fire
 p - a +4 ring of protection (right hand)
 z - a ring of protection from fire
 F - a ring of wizardry
 G - an amulet of faith (around neck)
 H - a ring of poison resistance
 N - an amulet of magic regeneration
 Q - a +6 ring of intelligence (left hand)
Wands
 b - a wand of iceblast (21)
 j - a wand of polymorph (7)
 J - a wand of flame (42)
 P - a wand of acid (10)
 R - a wand of mindburst (15)
Scrolls
 d - a scroll of acquirement {unknown}
 f - 2 scrolls of amnesia {unknown}
 l - 6 scrolls of teleportation
 o - a scroll of magic mapping {unknown}
 t - 2 scrolls of noise {unknown}
 x - a scroll of fear {unknown}
 y - a scroll of enchant armour
 C - 2 scrolls of blinking
Potions
 v - a potion of flight
 E - a potion of ambrosia {unknown}
 T - a potion of magic {unknown}
 U - 2 potions of curing {unknown}


   Skills:
 + Level 6.7 Fighting
 + Level 6.7 Short Blades
 + Level 6.7 Long Blades
 + Level 6.7 Axes
 + Level 6.7 Maces & Flails
 + Level 6.7 Polearms
 + Level 6.7 Staves
 + Level 6.7 Slings
 + Level 6.7 Bows
 + Level 6.7 Crossbows
 + Level 6.7 Throwing
 + Level 6.7 Armour
 + Level 8.2 Dodging
 + Level 8.0 Stealth
 + Level 9.1 Shields
 + Level 6.7 Unarmed Combat
 + Level 9.9 Spellcasting
 + Level 6.0 Conjurations
 + Level 5.6 Hexes
 + Level 6.0 Summonings
 + Level 5.6 Necromancy
 + Level 6.0 Translocations
 + Level 5.6 Transmutations
 + Level 5.6 Fire Magic
 + Level 5.6 Ice Magic
 + Level 5.6 Air Magic
 + Level 5.6 Earth Magic
 + Level 5.6 Poison Magic
 + Level 7.4 Invocations
 + Level 6.7 Evocations


You had 8 spell levels left.
You knew the following spells:

 Your Spells              Type           Power      Damage    Failure   Level
a - Magic Dart            Conj           100%       1d8       1%          1
b - Call Imp              Summ           37%        N/A       1%          2
c - Blink                 Tloc           N/A        N/A       1%          2
d - Beastly Appendage     Tmut           70%        N/A       1%          1
e - Ignite Poison         Fire/Tmut/Pois 35%        N/A       3%          3
f - Manifold Assault      Tloc           37%        N/A       26%         5
g - Mephitic Cloud        Conj/Pois/Air  36%        N/A       3%          3
h - Slow                  Hex            35%        N/A       1%          2
i - Wereblood             Tmut           35%        N/A       1%          2

Your spell library contained the following spells:

 Spells                   Type           Power      Damage    Failure   Level
 Static Discharge         Conj/Air       36%        N/A       1%          2
 Conjure Flame            Conj/Fire      36%        6-21      3%          3
 Spider Form              Tmut/Pois      17%        N/A       3%          3
 Sticky Flame             Conj/Fire      36%        2d6       11%         4
 Dispel Undead            Necr           35%        3d15      12%         4
 Olgreb's Toxic Radiance  Pois           35%        N/A       12%         4
 Bolt of Magma            Conj/Fire/Erth 18%        4d10      30%         5
 Eringya's Noxious Bog    Tmut/Pois      17%        N/A       87%         6
 Storm Form               Tmut/Air       17%        N/A       100%        7


Dungeon Overview and Level Annotations

Branches:
Dungeon (10/15)            Temple (1/1) D:4            Lair (1/6) D:9
    Orc (0/2) D:10

Altars:
Ashenzari
Cheibriados
Dithmenos
Elyvilon
Fedhas
Gozag
Hepliaklqana
Kikubaaqudgha
Makhleb
Nemelex Xobeh
Okawaru
Qazlal
Ru
Sif Muna
Trog
Uskayaw
Vehumet
Wu Jian
Xom
Yredelemnul
Zin
The Shining One

Annotations:
D:8 3 runed translucent doors, barney's ghost, novice DrTm
D:9 0gre's ghost, novice GnCj


Innate Abilities, Weirdness & Mutations

You have very sharp teeth.
Your uncanny sense of smell can sniff out nearby items.
Your experience applies equally to all skills.


Message History

The black mamba bites you!
* * * LOW HITPOINT WARNING * * *
The yak misses you. The black mamba bites you!
* * * LOW HITPOINT WARNING * * *
You closely miss the black mamba.
The black mamba is heavily wounded.
You howl as the wereblood boils in your veins!
The black mamba barely misses you.
You riposte.
You barely miss the black mamba.
You bite the black mamba, but do no damage.
The black mamba is heavily wounded.
You block the yak's attack.
Casting: Wereblood (safe; 1% risk of failure)
Confirm with . or Enter, or press ? or * to list all spells.
You blink.
You howl as the wereblood boils in your veins!
Casting: Blink (safe; 1% risk of failure)
Confirm with . or Enter, or press ? or * to list all spells.
A beastly little devil appears in a puff of flame.
The black mamba bites you.
* * * LOW HITPOINT WARNING * * *
Your crimson imp barely misses the black mamba.
You hit the black mamba.
The black mamba is heavily wounded.
The black mamba bites you.
* * * LOW HITPOINT WARNING * * *
The black mamba misses you.
You riposte.
You closely miss the black mamba.
The black mamba is heavily wounded.
Your crimson imp hits the black mamba.
Your crimson imp barely misses the black mamba.
The black mamba bites you.
* * * LOW HITPOINT WARNING * * *
It was a potion of flight.
You feel very buoyant.
You fly up into the air.
The black mamba closely misses you.
Your crimson imp hits the black mamba.
You block the black mamba's attack.
It was a potion of might.
You feel very mighty all of a sudden. The black mamba bites you!
You die...

### ####.#####################
##P..#......#.........†...###
#............@SY...........P#
###..?...........5......†.#..###
##....#########..####..##.#..#...
#....## #...## #########..†.
....## #### #...P###.##P###.#.†.
....# ##..# #.........#..#####..
..#####...## ##..........#..##...
..####.....# #..#.....^.....#?#.#
..#.#....#.# #######..P#..†....##


You could see a black mamba (ally target), a yak and a friendly crimson imp
(summoned).

Vanquished Creatures
  2 two-headed ogres
  Joseph (D:8)
  4 cane toads (Lair:1)
  2 komodo dragons
  2 trolls
  3 meliai (D:10)
  Prince Ribbit (D:8)
  A meliai zombie (D:10)
  16 yaks
  A steam dragon (D:10)
  A warg (D:8)
  3 water moccasins
  A black bear (Lair:1)
  An orc warrior (D:9)
  3 ice beasts
  An ogre (D:5)
  8 wolves
  4 centaurs
  A phantom (D:9)
  3 bullfrogs (Lair:1)
  2 scorpions
  A water moccasin skeleton (D:6)
  6 killer bees
  A bullfrog zombie (D:7)
  2 centaur zombies
  2 hounds (D:6)
  5 orc priests
  A centaur skeleton (D:5)
  A gnoll shaman (D:7)
  7 orc wizards
  3 ogre zombies (D:10)
  2 howler monkey zombies (D:9)
  3 adders (D:3)
  9 gnolls
  A white imp (D:7)
  4 worms
  3 dart slugs
  16 orcs
  8 ball pythons
  4 bats
  4 endoplasms
  2 giant cockroaches (D:3)
  6 goblins
  3 hobgoblins
  3 quokkas
  A goblin zombie (D:10)
  A hobgoblin skeleton (D:10)
  6 kobolds
  An orc skeleton (D:10)
  3 orc zombies (D:10)
  5 rats
175 creatures vanquished.

Vanquished Creatures (collateral kills)
  A two-headed ogre (D:10)
  A black mamba (Lair:1)
  A cane toad (Lair:1)
  A komodo dragon (Lair:1)
  A shadow (D:10)
  A wyvern (D:10)
  Menkaure (D:5)
  A warg (D:9)
  A hornet zombie (D:8)
  2 water moccasins (Lair:1)
  A necrophage (D:6)
  A wolf (Lair:1)
  A scorpion (D:4)
  A water moccasin skeleton (D:4)
  A troll zombie (D:10)
  A jelly (D:6)
  A gnoll shaman (D:8)
  An orc priest (D:6)
  A bullfrog skeleton (D:6)
  2 iguanas
  2 orc wizards
  An ogre zombie (D:10)
  6 gnolls
  An adder (D:5)
  A shadow imp (D:6)
  A white imp (D:6)
  An adder skeleton (D:4)
  An adder zombie (D:5)
  3 worms
  2 dart slugs
  9 orcs
  2 ball pythons
  A goblin (D:1)
  3 hobgoblins (D:1)
  A kobold (D:10)
  A quokka (D:1)
  A bat (D:3)
  A frilled lizard (D:3)
  A goblin skeleton (D:10)
  A goblin zombie (D:10)
  A hobgoblin zombie (D:10)
  7 orc zombies (D:10)
70 creatures vanquished.

Vanquished Creatures (others)
  A kobold brigand (D:10)
  A white imp (D:6)
  5 kobolds (D:10)
  A bush (Lair:1)
  2 fungi (Lair:1)
  A plant (Lair:1)
11 creatures vanquished.

Grand Total: 256 creatures vanquished

Notes
Turn   | Place    | Note
-------+----------+-------------------------------------------
     0 | D:1      | tizbic2 the Gnoll Hedge Wizard began the quest for the Orb.
     0 | D:1      | Reached XP level 1. HP: 13/13 MP: 8/8
   275 | D:1      | Reached XP level 2. HP: 14/19 MP: 3/10
   469 | D:1      | Learned a level 2 spell: Call Imp
   813 | D:1      | Reached XP level 3. HP: 20/25 MP: 3/11
  1857 | D:2      | Found a faded altar of an unknown god.
  2104 | D:3      | Reached skill level 1 in Invocations
  2158 | D:3      | Learned a level 2 spell: Blink
  2251 | D:3      | Reached skill level 1 in Fighting
  2251 | D:3      | Reached skill level 1 in Short Blades
  2251 | D:3      | Reached skill level 1 in Long Blades
  2251 | D:3      | Reached skill level 1 in Axes
  2251 | D:3      | Reached skill level 1 in Maces & Flails
  2251 | D:3      | Reached skill level 1 in Polearms
  2251 | D:3      | Reached skill level 1 in Staves
  2251 | D:3      | Reached skill level 1 in Slings
  2251 | D:3      | Reached skill level 1 in Bows
  2251 | D:3      | Reached skill level 1 in Crossbows
  2251 | D:3      | Reached skill level 1 in Throwing
  2251 | D:3      | Reached skill level 1 in Armour
  2251 | D:3      | Reached skill level 1 in Shields
  2251 | D:3      | Reached skill level 1 in Unarmed Combat
  2251 | D:3      | Reached skill level 1 in Evocations
  2348 | D:3      | Reached XP level 4. HP: 10/32 MP: 2/13
  3355 | D:3      | Reached skill level 1 in Hexes
  3355 | D:3      | Reached skill level 1 in Necromancy
  3355 | D:3      | Reached skill level 1 in Transmutations
  3355 | D:3      | Reached skill level 1 in Fire Magic
  3355 | D:3      | Reached skill level 1 in Ice Magic
  3355 | D:3      | Reached skill level 1 in Air Magic
  3355 | D:3      | Reached skill level 1 in Earth Magic
  3355 | D:3      | Reached skill level 1 in Poison Magic
  3612 | D:4      | Reached XP level 5. HP: 28/37 MP: 2/14
  3668 | D:4      | Found a staircase to the Ecumenical Temple.
  3707 | Temple   | Entered the Ecumenical Temple
  3938 | Temple   | Became a worshipper of Sif Muna the Loreminder
  4113 | D:4      | Reached XP level 6. HP: 43/44 MP: 13/16
  4119 | D:4      | Got the Incunabulum of the Fifty Gods
  4315 | D:5      | Entered Level 5 of the Dungeon
  4483 | D:5      | Learned a level 1 spell: Beastly Appendage
  4519 | D:5      | Reached skill level 5 in Dodging
  4702 | D:5      | Found a bloodstained altar of Trog.
  4941 | D:5      | Found a glowing silver altar of Zin.
  4941 | D:5      | Noticed an angel
  4987 | D:5      | Noticed Menkaure
  5005 | D:5      | Killed Menkaure
  5006 | D:5      | Reached XP level 7. HP: 16/50 MP: 7/18
  5511 | D:6      | Reached skill level 5 in Stealth
  6361 | D:6      | Reached XP level 8. HP: 57/57 MP: 17/19
  6370 | D:6      | Reached * piety under Sif Muna
  6929 | D:7      | Learned a level 3 spell: Ignite Poison
  6988 | D:7      | Found a basalt altar of Yredelemnul.
  6990 | D:7      | Found a snail-covered altar of Cheibriados.
  7029 | D:7      | Learned a level 5 spell: Manifold Assault
  7283 | D:7      | Found a glowing golden altar of the Shining One.
  7636 | D:8      | Noticed Joseph
  7791 | D:8      | Killed Joseph
  7792 | D:8      | Reached XP level 9. HP: 39/65 MP: 11/21
  8032 | D:8      | Found a burning altar of Makhleb.
  8067 | D:8      | Found a runed translucent gate.
  8067 | D:8      | Found a runed translucent gate.
  8067 | D:8      | Found a runed translucent gate.
  8069 | D:8      | Noticed barney's ghost (novice DrTm)
  8097 | D:8      | Noticed Prince Ribbit
  8108 | D:8      | Killed Prince Ribbit
  8470 | D:8      | Learned a level 3 spell: Mephitic Cloud
  8562 | D:9      | Noticed a troll
  8562 | D:9      | Found a staircase to the Lair.
  8617 | D:9      | Noticed a two-headed ogre
  8657 | D:8      | Reached skill level 5 in Shields
  8715 | D:8      | Killed a two-headed ogre
  8716 | D:8      | Reached skill level 5 in Invocations
  9220 | D:8      | Killed a troll
  9426 | D:7      | Reached XP level 10. HP: 24/73 MP: 18/22
  9999 | D:9      | Reached skill level 5 in Fighting
  9999 | D:9      | Reached skill level 5 in Short Blades
  9999 | D:9      | Reached skill level 5 in Long Blades
  9999 | D:9      | Reached skill level 5 in Axes
  9999 | D:9      | Reached skill level 5 in Maces & Flails
  9999 | D:9      | Reached skill level 5 in Polearms
  9999 | D:9      | Reached skill level 5 in Staves
  9999 | D:9      | Reached skill level 5 in Slings
  9999 | D:9      | Reached skill level 5 in Bows
  9999 | D:9      | Reached skill level 5 in Crossbows
  9999 | D:9      | Reached skill level 5 in Throwing
  9999 | D:9      | Reached skill level 5 in Armour
  9999 | D:9      | Reached skill level 5 in Unarmed Combat
  9999 | D:9      | Reached skill level 5 in Evocations
 10201 | D:8      | Reached ** piety under Sif Muna
 10418 | D:9      | Learned a level 2 spell: Slow
 10426 | D:9      | Found a transporter.
 10454 | D:9      | Noticed 0gre's ghost (novice GnCj)
 10470 | D:9      | Found a transporter.
 10774 | D:9      | Noticed a two-headed ogre
 10783 | D:9      | Killed a two-headed ogre
 10784 | D:9      | Reached skill level 5 in Conjurations
 10784 | D:9      | Reached skill level 5 in Summonings
 10784 | D:9      | Reached skill level 5 in Translocations
 10998 | D:9      | Found a shimmering altar of Xom.
 11149 | Lair:1   | Entered Level 1 of the Lair of Beasts
 11149 | Lair:1   | Noticed a cane toad
 11152 | Lair:1   | Killed a cane toad
 11178 | D:10     | Entered Level 10 of the Dungeon
 11582 | D:10     | Reached *** piety under Sif Muna
 11583 | D:10     | Reached XP level 11. HP: 68/81 MP: 20/24
 11998 | D:10     | Found a staircase to the Orcish Mines.
 12121 | D:10     | Reached skill level 5 in Hexes
 12121 | D:10     | Reached skill level 5 in Necromancy
 12121 | D:10     | Reached skill level 5 in Transmutations
 12121 | D:10     | Reached skill level 5 in Fire Magic
 12121 | D:10     | Reached skill level 5 in Ice Magic
 12121 | D:10     | Reached skill level 5 in Air Magic
 12121 | D:10     | Reached skill level 5 in Earth Magic
 12121 | D:10     | Reached skill level 5 in Poison Magic
 12255 | D:10     | Noticed a two-headed ogre
 12265 | D:10     | Killed a two-headed ogre
 12548 | D:9      | Reached **** piety under Sif Muna
 12562 | Lair:1   | Learned a level 2 spell: Wereblood
 13610 | Lair:1   | Found a radiant altar of Vehumet.
 13869 | Lair:1   | Mangled by a black mamba

Illustrated notes

Levels and vault maps discovered:
D:1:      dpeg_arrival_tiny_b, layout_basic, minmay_liquid_box, glass_columns_b
D:2:      layout_loops_corners, dreamdust_ecumenical_altar_statues,
          minmay_misc_feat_room
D:3:      layout_loops_ring, cheibrodos_sewer_entry_bend, serial_park_tiny_2
D:4:      layout_cave_pools, minmay_temple_entry_offerings
D:5:      layout_loops_ring, zin_angel, lightli_temple_of_fire, uniq_menkaure
D:6:      layout_basic
D:7:      layout_basic, lemuel_tele_altar, mainiacjoe_overflow_catwalk_spiral
D:8:      layout_cave_pools, bloody_makhleb, ebering_ghost_rock_garden,
          minmay_curled_crystal, uniq_joseph, uniq_prince_ribbit1
D:9:      layout_cave_pools, tgw_xom, erik_lair_orcish_takeover,
          gammafunk_ghost_stat_death
D:10:     layout_gridville, zombieorc2_lemuel, serial_shops, shop_fountains
Temple:   regret_index_temple_generic_petals
Lair:1:   layout_concentric_octagons, basic_altar, beast_lair_carwin_10,
          grunt_megastairs_1

Skill      XL: |  1  2  3  4  5  6  7  8  9 10 11 |
---------------+----------------------------------+-----
Conjurations   | 2 3 4 5 6 |  6.0
Summonings     | 2 3 4 5 6 |  6.0
Translocations | 2 3 4 5 6 |  6.0
Invocations    | 1 2 3 4 5 6 7 |  7.4
Fighting       | 1 2 3 4 5 6 |  6.7
Short Blades   | 1 2 3 4 5 6 |  6.7
Long Blades    | 1 2 3 4 5 6 |  6.7
Axes           | 1 2 3 4 5 6 |  6.7
Maces & Flails | 1 2 3 4 5 6 |  6.7
Polearms       | 1 2 3 4 5 6 |  6.7
Staves         | 1 2 3 4 5 6 |  6.7
Slings         | 1 2 3 4 5 6 |  6.7
Bows           | 1 2 3 4 5 6 |  6.7
Crossbows      | 1 2 3 4 5 6 |  6.7
Throwing       | 1 2 3 4 5 6 |  6.7
Armour         | 1 2 3 4 5 6 |  6.7
Shields        | 1 2 4 6 7 9 |  9.1
Unarmed Combat | 1 2 3 4 5 6 |  6.7
Evocations     | 1 2 3 4 5 6 |  6.7
Hexes          | 1 2 3 4 5 |  5.6
Necromancy     | 1 2 3 4 5 |  5.6
Transmutations | 1 2 3 4 5 |  5.6
Fire Magic     | 1 2 3 4 5 |  5.6
Ice Magic      | 1 2 3 4 5 |  5.6
Air Magic      | 1 2 3 4 5 |  5.6
Earth Magic    | 1 2 3 4 5 |  5.6
Poison Magic   | 1 2 3 4 5 |  5.6
Dodging        | 5 6 7 8 |  8.2
Stealth        | 5 6 7 8 |  8.0
Spellcasting   | 8 9 |  9.9

Action                   |  1- 3 |  4- 6 |  7- 9 | 10-12 || total
-------------------------+-------+-------+-------+-------++-------
Melee: Dagger            |   102 |     4 |       |       ||   106
       Bite              |     4 |    10 |    16 |    35 ||    65
       Punch             |     1 |       |       |       ||     1
       Rapier            |       |    93 |    40 |       ||   133
       Headbutt          |       |     2 |    15 |    16 ||    33
       Kick              |       |     2 |    12 |    14 ||    28
       Flail             |       |       |    75 |    76 ||   151
       Falchion          |       |       |    47 |   111 ||   158
       Spear             |       |       |     8 |    45 ||    53
       Short sword       |       |       |       |    90 ||    90
 Fire: Hunting sling     |       |    10 |    25 |    17 ||    52
Throw: Dart              |    31 |    34 |    32 |    44 ||   141
       Stone             |       |     3 |       |       ||     3
       Javelin           |       |     6 |       |       ||     6
       Boomerang         |       |       |       |     3 ||     3
 Cast: Magic Dart        |    53 |    27 |     5 |     6 ||    91
       Call Imp          |    12 |    45 |    86 |    74 ||   217
       Blink             |     4 |    13 |     5 |     5 ||    27
       Beastly Appendage |       |     3 |    14 |     5 ||    22
       Ignite Poison     |       |       |    15 |    45 ||    60
       Manifold Assault  |       |       |     1 |     2 ||     3
       Slow              |       |       |       |    10 ||    10
       Mephitic Cloud    |       |       |       |     5 ||     5
       Wereblood         |       |       |       |     3 ||     3
Invok: Channel Magic     |       |       |       |     1 ||     1
  Use: Potion            |     1 |     1 |     4 |     3 ||     9
       Scroll            |       |     4 |     1 |     4 ||     9
 Stab: Sleeping          |     2 |     1 |       |     1 ||     4
       Distracted        |       |     1 |     3 |     3 ||     7
       Confused          |       |       |       |     2 ||     2
Armor: Robe              |    32 |       |       |       ||    32
       Leather armour    |       |    11 |    91 |    23 ||   125
       Ring mail         |       |    10 |       |   170 ||   180
Dodge: Dodged            |    83 |    66 |   165 |   271 ||   585
       Repelled          |     3 |     1 |     8 |     1 ||    13
Block: Buckler           |       |    24 |    57 |   127 ||   208
       Rpst.: Falchion   |       |       |    10 |    30 ||    40
